 Dungeon Crawl Stone Soup version 0.31.0-1-g2c135a008e (webtiles) character file.

Game seed: 17809939636945206511

1385 EnegeticOcto the Grappler (level 8, -2/66 HPs)
             Began as a Troll Delver on Jan 20, 2024.
             Was a Follower of Hepliaklqana.
             Slain by a bullfrog (7 damage)
             ... on level 8 of the Dungeon.
             The game lasted 00:04:08 (623 turns).

EnegeticOcto the Grappler (Troll Delver)             Turns: 623, Time: 00:04:08

Health: -2/66      AC:  8    Str: 23    XL:     8   Next: 40%
Magic:  7/7        EV:  9    Int:  6    God:    Hepliaklqana [*.....]
Gold:   39         SH:  0    Dex: 11    Spells: 7/7 levels left

rFire   . .          .
                       - Unarmed
rCold   . . .        (no shield)
rNeg    . . .        a - +0 robe
rPois   .            (helmet restricted)
rElec   .            (no cloak)
rCorr   .            (gloves unavailable)
SInv    .            (boots unavailable)
Will    .....        (no amulet)
Stlth   ++           g - +4 ring of protection
HPRegen 1.11/turn    (no ring)
MPRegen 0.10/turn

%: no passive effects
@: no status effects
A: reduced essence, large, unfitting armour, claws 3, regeneration 1, shaggy fur
1, tough skin 1
a: Renounce Religion, Recall Ancestor, Ancestor Identity


You were on level 8 of the Dungeon.
You worshipped Hepliaklqana.
Hepliaklqana was aware of your devotion.
You visited 1 branch of the dungeon, and saw 5 of its levels.

You collected 39 gold pieces.

Inventory:

Armour
 a - a +0 robe (worn)
Jewellery
 g - a +4 ring of protection (left claw)
   (You found it on level 5 of the Dungeon)
 i - a ring of resist corrosion
   (You found it on level 7 of the Dungeon)
Wands
 f - a wand of digging (3) {@v3}
Scrolls
 b - a scroll of fog {!r}
 d - a scroll of fear {!r}
 l - a scroll of blinking {@r4}
Potions
 c - a potion of curing {@q1 !q}
 e - a potion of haste {@q4 !q}
 h - a potion of lignification {@q6}
 j - a potion of brilliance
 k - a potion of enlightenment


   Skills:
 - Level 2.4 Fighting
 - Level 1.5 Dodging
 - Level 2.7 Stealth
 + Level 10.6 Unarmed Combat


You had 7 spell levels left.
You didn't know any spells.
Your spell library was empty.

Dungeon Overview and Level Annotations

Branches:
Dungeon (8/15) Zot: 26938    Lair (0/5) D:8
 Temple: D:4-7

Altars:
Hepliaklqana
Sif Muna

Shops:
D:8 :


Innate Abilities, Weirdness & Mutations

Your life essence is reduced to manifest your ancestor. (-10% HP)
You are too large for most types of armour.
You have claws for hands.
Your natural rate of healing is unusually fast.
You are covered in fur. (AC +1)
You have tough skin. (AC +1)


Message History

As you read the scroll labelled WEONWO SOWU, it crumbles to dust.
It was a scroll of blinking.
A black bear comes into view.
A white imp comes into view.
An elephant and a wyvern come into view.
Found a staircase to the Lair.
The black bear growls angrily.
You hear an angry hiss.
A bullfrog comes into view.
Hepliaklqana forms a fragment of your life essence into the memory of your ancestor, Gaius!
You can now recall your ancestor.
You can now remember your ancestor's identity.
A basilisk comes into view.
The white imp shouts!
Gaius hits the black bear.
Gaius hits the black bear.
You scratch the black bear.
The black bear is heavily wounded.
You scratch the black bear.
The black bear is heavily wounded.
The black bear bites you but does no damage.
The black bear claws you. The black bear barely misses you.
Gaius hits the black bear!
You claw the black bear!
You kill the black bear!
The white imp grinds its teeth.
Gaius hits the elephant but does no damage.
You have reached level 8!
Gaius hits the elephant.
You mangle the elephant!! You claw the elephant!
The elephant is heavily wounded.
The wyvern barely misses Gaius.
Gaius hits the elephant.
The elephant barely misses you. The elephant trunk-slaps you.
You claw the elephant!
The elephant is severely wounded.
The wyvern barely misses Gaius.
Gaius hits the elephant but does no damage.
The elephant tramples you!
You hold your ground!
The elephant trunk-slaps you.
You scratch the elephant but do no damage.
The elephant is severely wounded.
The wyvern barely misses Gaius.
You scratch the elephant.
The elephant is severely wounded.
The wyvern bites Gaius!
Gaius hits the wyvern.
The elephant tramples you.
You stumble backwards!
You mangle the elephant!!
You kill the elephant!
Gaius hits the wyvern but does no damage.
Your Unarmed Combat skill increases to level 10!
You claw the wyvern!
The wyvern is heavily wounded.
The wyvern bites you.
Gaius hits the bullfrog!
You are too injured to fight recklessly!
You are too injured to fight recklessly!
You are too injured to fight recklessly!
You are too injured to fight recklessly!
You are too injured to fight recklessly!
You scratch the wyvern.
The wyvern is heavily wounded.
The wyvern completely misses you. The bullfrog hits you.
The white imp hits Gaius.
The white imp freezes Gaius.
Gaius resists.
You scratch the wyvern but do no damage.
The wyvern is heavily wounded.
The wyvern bites you! The bullfrog closely misses you.
You closely miss the wyvern. You claw the wyvern, but do no damage.
The wyvern is heavily wounded.
The wyvern bites you!
The bullfrog hits you but does no damage.
Gaius hits the white imp.
The white imp hits Gaius but does no damage.
The wyvern barely misses you.
You scratch the wyvern.
The wyvern is severely wounded.
The bullfrog hits you but does no damage.
Gaius hits the white imp.
The white imp dies!
The wyvern bites you.
You closely miss the wyvern.
The wyvern is severely wounded.
The bullfrog swells and bulges.
The bullfrog closely misses you. The wyvern closely misses you.
Gaius hits the wyvern but does no damage.
The basilisk bites Gaius!
The bullfrog hits you but does no damage.
You barely miss the wyvern.
The wyvern is severely wounded.
The wyvern bites you!
* * * LOW HITPOINT WARNING * * *
The bullfrog closely misses you.
Gaius closely misses the wyvern.
The basilisk bites Gaius!
Gaius is destroyed!
You scratch the wyvern.
The wyvern is severely wounded.
The wyvern misses you. The bullfrog hits you.
* * * LOW HITPOINT WARNING * * *
The wyvern bites you but does no damage.
You claw the wyvern!
You kill the wyvern!
The bullfrog hits you!
You die...

###.........# #
#.........###.#
#.............#
#...#......##
#...#.......#
#.....#.#
#.....# #
#.....# #....@#
#...F.#
#.....###
#.....l.#
#######5.Y....
....... .....>.
#...... ......


You could see a basilisk and a bullfrog.

Vanquished Creatures
  An elephant (D:8)
  A wyvern (D:8)
  A steam dragon (D:7)
  An ice beast (D:5)
  2 black bears
  A centaur (D:6)
  A bullfrog (D:7)
  2 scorpions
  3 wights (D:7)
  3 howler monkeys (D:7)
  An orc priest (D:5)
  A hound (D:5)
  2 adders (D:4)
  A shadow imp (D:7)
  2 ufetubi (D:5)
  6 orcs
  A ball python (D:4)
  A goblin (D:4)
  A kobold (D:4)
32 creatures vanquished.

Vanquished Creatures (collateral kills)
  A white imp (D:8)
1 creature vanquished.

Vanquished Creatures (others)
  An ancestor (D:8)
1 creature vanquished.

Grand Total: 34 creatures vanquished

Notes
Turn   | Place    | Note
-------+----------+-------------------------------------------
     0 | D:5      | EnegeticOcto the Troll Delver began the quest for the Orb.
     0 | D:5      | Reached XP level 1. HP: 22/22 MP: 0/0
    24 | D:5      | Reached XP level 2. HP: 23/29 MP: 1/1
    47 | D:4      | Noticed a black bear
    59 | D:4      | Killed a black bear
    60 | D:4      | Reached skill level 4 in Unarmed Combat
    60 | D:4      | Reached XP level 3. HP: 21/36 MP: 2/2
    60 | D:4      | Reached XP level 4. HP: 26/44 MP: 3/3
    68 | D:4      | Reached skill level 5 in Unarmed Combat
    94 | D:5      | Noticed an ice beast
   110 | D:5      | Killed an ice beast
   111 | D:5      | Reached skill level 6 in Unarmed Combat
   111 | D:5      | Reached XP level 5. HP: 34/50 MP: 4/4
   176 | D:5      | Reached XP level 6. HP: 18/59 MP: 5/5
   225 | D:6      | Found a hazy altar of Hepliaklqana.
   235 | D:6      | Became a worshipper of Hepliaklqana the Forgotten
   283 | D:6      | Reached skill level 7 in Unarmed Combat
   300 | D:7      | Noticed a steam dragon
   312 | D:7      | Killed a steam dragon
   313 | D:7      | Reached XP level 7. HP: 22/66 MP: 6/6
   323 | D:7      | Reached skill level 8 in Unarmed Combat
   342 | D:7      | Found a shimmering blue altar of Sif Muna.
   476 | D:7      | Reached skill level 9 in Unarmed Combat
   559 | D:8      | Found Zoent's Book Shoppe.
   601 | D:8      | Found a staircase to the Lair.
   601 | D:8      | Noticed an elephant
   601 | D:8      | Noticed a wyvern
   602 | D:8      | Reached * piety under Hepliaklqana
   602 | D:8      | Noticed a basilisk
   609 | D:8      | Reached XP level 8. HP: 63/66 MP: 7/7
   614 | D:8      | Killed an elephant
   615 | D:8      | Reached skill level 10 in Unarmed Combat
   623 | D:8      | Slain by a bullfrog

Illustrated notes

Levels and vault maps discovered:
D:4:      layout_gridville, st_stairs_1, grunt_tough_drop
D:5:      layout_loops_ring, minmay_temple_entry_butterflies,
          grunt_decor_one_mirror, dreamdust_wishing_well,
          corexii_leaking_fountain, serial_bayou_crossing
D:6:      layout_cave_pools, general_overflow_altar,
          mainiacjoe_overflow_surrounded_room
D:7:      layout_loops_ring, mainiacjoe_overflow_six_doors_small,
          nicolae_ru_path_of_blood, enter_bailey_1
D:8:      layout_basic, david_lair_generic, serial_shops, nicolae_stop_n_shop_2,
          shop

Skill      XL: |  1  2  3  4  5  6  7  8 |
---------------+-------------------------+-----
Unarmed Combat | 4 6 7 9 10 | 10.6
Fighting       | |  2.4
Dodging        | |  1.5
Stealth        | |  2.7

Action                     |  1- 3 |  4- 6 |  7- 9 || total
---------------------------+-------+-------+-------++-------
  Melee: Unarmed           |    20 |    68 |    54 ||   142
         Punch             |       |     1 |     2 ||     3
    Use: Scroll            |     1 |     3 |     3 ||     7
   Stab: Sleeping          |       |     1 |     1 ||     2
 Armour: Robe              |    33 |    82 |    42 ||   157
  Dodge: Dodged            |    27 |    40 |    23 ||    90

Table legend:
 A = Kills in this place as a percentage of kills in the entire game.
 B = Kills by you in this place as a percentage of kills by you in the entire game.
 C = Kills by friends in this place as a percentage of kills by friends in the entire game.
 D = Other kills in this place as a percentage of other kills in the entire game.
 E = Experience gained in this place as a percentage of experience gained in the entire game.
 F = Experience gained in this place divided by the number of levels of this place that you have seen.
                   A       B       C       D       E      F
               +-------+-------+-------+-------+-------+----------------------
         Total | 100.0 | 100.0 | 100.0 |   N/A | 100.0 | 436.0
       Dungeon | 100.0 | 100.0 | 100.0 |   N/A | 100.0 | 436.0
               +-------+-------+-------+-------+-------+----------------------
